 Dungeon Crawl Stone Soup version 0.25.1-2-g60ff931df9 (webtiles) character file.

Game seed: 7595094114262611328

530 lepoulpe303 the Skirmisher (level 7, -11/60 HPs)
             Began as a Yellow Draconian Fighter on Oct 14, 2020.
             Was a Follower of Uskayaw.
             Mangled by Pikel
             ... wielding a +1 whip of electrocution
              (13 damage)
             ... on level 4 of the Dungeon.
             The game lasted 00:11:29 (5025 turns).

lepoulpe303 the Skirmisher (DrFi)                   Turns: 5025, Time: 00:11:29

Health: -11/60     AC:  7    Str: 20    XL:     7   Next: 3%
Magic:  8/8        EV: 11    Int:  8    God:    Uskayaw [*.....]
Gold:   144        SH:  0    Dex: 11    Spells: 6/6 levels left

rFire    . . .     SeeInvis .   a - +0 long sword
rCold    . . .     Gourm    .   n - +0 kite shield
rNeg     . . .     Faith    .   (armour unavailable)
rPois    .         Spirit   .   (helmet restricted)
rElec    .         Reflect  .   (no cloak)
rCorr    +         Harm     .   (no gloves)
MR       .....                  f - +0 pair of boots
Stlth    +.........             s - amulet of the acrobat
HPRegen  0.20/turn              (no ring)
MPRegen  0.11/turn              (no ring)

@: confused, very slightly contaminated
A: spit acid, unfitting armour, cold-blooded, acid resistance, AC +6
a: Breathe Acid, Stomp, Renounce Religion


You were on level 4 of the Dungeon.
You worshipped Uskayaw.
Uskayaw was noncommittal.
You were hungry.

You visited 1 branch of the dungeon, and saw 4 of its levels.

You collected 144 gold pieces.

Inventory:

Hand Weapons
 a - a +0 long sword (weapon)
 b - a +0 hunting sling
Missiles
 m - 9 sling bullets
 Q - 196 stones (quivered)
Armour
 f - a +0 pair of boots (worn)
 n - a +0 kite shield (worn)
Jewellery
 q - an uncursed ring of fire {unknown}
 s - an amulet of the acrobat (around neck)
Wands
 e - a wand of disintegration (10)
 v - a wand of polymorph (1)
Scrolls
 g - a scroll of amnesia
 h - a scroll of fog {unknown}
 i - 4 scrolls of identify
 p - a scroll of teleportation {unknown}
 r - a scroll of immolation {unknown}
 w - a scroll of remove curse
 y - a scroll of fear {unknown}
 B - a scroll of blinking {!r}
Potions
 d - a potion of might
 j - a potion of cancellation
 k - 2 potions of lignification {!q}
 l - a potion of mutation {!q}
 o - 2 potions of stabbing {unknown}
 t - a potion of heal wounds {unknown}
 u - a potion of brilliance {unknown}
 x - a potion of ambrosia {unknown}
 z - a potion of curing {unknown}
Comestibles
 c - 13 rations


   Skills:
 + Level 4.6 Fighting
 + Level 3.5 Long Blades
 + Level 2.2 Slings
 * Level 4.4 Dodging
 + Level 4.2 Shields
 + Level 2.2 Invocations


You had 6 spell levels left.
You didn't know any spells.
Your spell library was empty.

Dungeon Overview and Level Annotations

Branches:
Dungeon (4/15)
 Temple: D:4-7

Altars:
Gozag
Uskayaw
Zin

Annotations:
D:4 1 runed translucent door, Pikel; gruber's ghost, amateur GnWn


Innate Abilities, Weirdness & Mutations

You can spit globs of acid.
Your golden yellow scales are hard. (AC +6)
You cannot fit into any form of body armour.
You are cold-blooded and may be slowed by cold attacks.
You are resistant to acid. (rCorr)


Message History

Pikel cracks his whip.
The slave completely misses you.
You bump into the rock wall.
Pikel hits you with a +1 whip of electrocution.
* * * LOW HITPOINT WARNING * * *
The slave hits you!
* * * LOW HITPOINT WARNING * * *
You take 11 damage, and have 24/60 hp.
Unknown command.
You miss Pikel.
Pikel hits you with a +1 whip of electrocution!
* * * LOW HITPOINT WARNING * * *
You are electrocuted!
* * * LOW HITPOINT WARNING * * *
The slave hits you but does no damage.
You take 23 damage, and have 1/60 hp.
MASSIVE DAMAGE!!
You barely miss the slave. Pikel hits you but does no damage.
You are electrocuted!
You die...

#..# #...##...# #.#############.
#..###...##...####.##..........#.
.........##...##....#..........#.
..####...##...##....'..........#.
..# #...#######....#..........#.
..# #...# #.................
..######## #####.##.#####.###.
.....# #........# #..... .....#
#.@......# ######. ....[#
#pKY....## #...... #.####
#.......# #.###.# #.# #...>...#
### #.#
#.#############.......####### #.#
#...........<...............# #.#
###########################.###.#
#...........<....# #...........
##.##############.# #.#........#


You could see Pikel, an ice beast and a slave.

Levels and vault maps discovered:
D:1:      minmay_arrival_plants_in_alcoves, layout_basic
D:2:      layout_loops_cross, eat_drink_and_be_merry_uskayaw,
          grunt_gozag_statues, grunt_ministairs_3, kennysheep_generic_room_6
D:3:      kennysheep_goblin_castle, layout_loops_cross, minmay_ogre_servants
D:4:      layout_basic, marbit_many_paths, ebering_ghost_reflecting_pool,
          first_ration, uniq_blork_the_orc, uniq_pikel

Notes
Turn   | Place    | Note
-------+----------+-------------------------------------------
     0 | D:1      | lepoulpe303 the Draconian Fighter began the quest for the
                  | Orb.
     0 | D:1      | Reached XP level 1. HP: 19/19 MP: 1/1
    15 | D:1      | Identified a +0 short sword
   372 | D:1      | Reached XP level 2. HP: 26/26 MP: 2/2
   479 | D:1      | Identified a +0 club
   526 | D:1      | Identified a +0 dagger
   712 | D:1      | Identified a +0 pair of boots (You found it on level 1 of
                  | the Dungeon)
   841 | D:1      | Identified a +0 hunting sling (You found it on level 1 of
                  | the Dungeon)
   877 | D:2      | Identified a +0 long sword
  1057 | D:2      | Reached skill level 3 in Dodging
  1057 | D:2      | Reached XP level 3. HP: 18/31 MP: 3/3
  1218 | D:2      | Identified a +0 club
  1434 | D:2      | Reached skill level 1 in Slings
  1434 | D:2      | Reached XP level 4. HP: 39/40 MP: 4/4
  1440 | D:2      | Identified a +4 vampiric dagger
  1440 | D:2      | Identified a cursed +0 ring mail
  1440 | D:2      | Identified an uncursed amulet of the acrobat
  1718 | D:2      | Found a hide-covered altar of Uskayaw.
  1731 | D:2      | Became a worshipper of Uskayaw the Reveler
  1843 | D:2      | Found an opulent altar of Gozag.
  1942 | D:2      | Reached * piety under Uskayaw
  1948 | D:2      | Reached ** piety under Uskayaw
  1997 | D:2      | Identified a +0 dagger
  2061 | D:2      | Identified a +0 short sword
  2154 | D:3      | Identified 5 scrolls of identify
  2154 | D:3      | Identified 2 potions of lignification
  2155 | D:3      | Identified a potion of mutation
  2156 | D:3      | Identified a potion of cancellation
  2254 | D:3      | Identified a +0 club
  2297 | D:3      | Identified a +0 short sword
  2491 | D:3      | Identified a +0 dagger
  2496 | D:3      | Identified a +0 hunting sling
  2497 | D:3      | Identified a +0 hunting sling
  2518 | D:3      | Identified a +0 dagger
  2541 | D:3      | Identified a +0 dagger
  2541 | D:3      | Identified a +0 club
  2541 | D:3      | Identified a +0 leather armour
  2541 | D:3      | Noticed Ijyb
  2600 | D:3      | Killed Ijyb
  2600 | D:3      | Reached skill level 4 in Fighting
  2600 | D:3      | Reached XP level 5. HP: 46/46 MP: 5/5
  2710 | D:3      | Identified a +0 dagger
  2710 | D:3      | Identified a +0 dagger
  2710 | D:3      | Identified a +0 club
  2710 | D:3      | Identified a +0 hunting sling
  2710 | D:3      | Identified a cursed -1 giant spiked club
  2710 | D:3      | Noticed an ogre
  2710 | D:3      | Identified a cursed -3 dagger
  2714 | D:3      | Identified a +0 club
  2721 | D:3      | Reached *** piety under Uskayaw
  2722 | D:3      | Killed an ogre
  2722 | D:3      | Reached skill level 3 in Long Blades
  2722 | D:3      | Reached skill level 1 in Invocations
  2724 | D:3      | Reached **** piety under Uskayaw
  2812 | D:3      | Identified a +0 club
  2812 | D:3      | Identified a +0 ring mail
  2814 | D:3      | Identified a +0 club
  2816 | D:3      | Identified a +0 short sword
  3217 | D:3      | Identified a +0 hunting sling
  3272 | D:3      | Reached XP level 6. HP: 40/52 MP: 7/7
  3749 | D:4      | Found a glowing silver altar of Zin.
  3771 | D:4      | Noticed a slave
  3790 | D:4      | Killed a slave
  4074 | D:4      | Found a runed translucent door.
  4077 | D:4      | Noticed gruber's ghost (amateur GnWn)
  4143 | D:4      | Reached skill level 4 in Dodging
  4143 | D:4      | Reached skill level 4 in Shields
  4447 | D:4      | Reached skill level 2 in Slings
  4503 | D:4      | Reached skill level 2 in Invocations
  4827 | D:4      | Your scales start taking on a golden yellow colour.
  4827 | D:4      | Reached XP level 7. HP: 56/60 MP: 8/8
  4827 | D:4      | Gained mutation: You are resistant to acid. (rCorr) [Yellow
                  | Draconian growth]
  4997 | D:4      | Identified 2 scrolls of amnesia
  4998 | D:4      | Identified 2 scrolls of remove curse
  4999 | D:4      | Identified 2 scrolls of blinking
  5002 | D:4      | Identified a +1 whip of electrocution
  5002 | D:4      | Identified a +0 robe
  5002 | D:4      | Noticed Pikel
  5024 | D:4      | HP: 1/60 [Pikel/+1 whip of electrocution (15)]
  5025 | D:4      | Mangled by Pikel

Table legend:
 A = Turns spent in this place as a percentage of turns spent in the entire game.
 B = Non-inter-level travel turns spent in this place as a percentage of non-inter-level travel turns spent in the entire game.
 C = Inter-level travel turns spent in this place as a percentage of turns spent in this place.
 D = Turns resting spent in this place as a percentage of non-inter-level travel turns spent in this place.
 E = Turns spent auto-exploring this place as a percentage of non-inter-level travel turns spent in this place.
 F = Non-inter-level travel turns spent in this place divided by the number of levels of this place that you've seen.
                   A       B       C       D       E      F
               +-------+-------+-------+-------+-------+----------------------
         Total | 100.0 | 100.0 |   4.0 |  22.5 |  63.2 | 1205.8
       Dungeon | 100.0 | 100.0 |   4.0 |  22.5 |  63.2 | 1205.8
               +-------+-------+-------+-------+-------+----------------------

Table legend:
 A = Kills in this place as a percentage of kills in entire the game.
 B = Kills by you in this place as a percentage of kills by you in the entire game.
 C = Kills by friends in this place as a percentage of kills by friends in the entire game.
 D = Other kills in this place as a percentage of other kills in the entire game.
 E = Experience gained in this place as a percentage of experience gained in the entire game.
 F = Experience gained in this place divided by the number of levels of this place that you have seen.
                   A       B       C       D       E      F
               +-------+-------+-------+-------+-------+----------------------
         Total | 100.0 | 100.0 |   N/A |   N/A | 100.0 | 189.5
       Dungeon | 100.0 | 100.0 |   N/A |   N/A | 100.0 | 189.5
               +-------+-------+-------+-------+-------+----------------------

Skill      XL: |  1  2  3  4  5  6 |
---------------+-------------------+-----
Dodging        | 3 4 |  4.4
Slings         | 1 2 |  2.2
Fighting       | 4 |  4.6
Long Blades    | 3 |  3.5
Invocations    | 1 2 |  2.2
Shields        | 4 |  4.2

Action                   |  1- 3 |  4- 6 |  7- 9 || total
-------------------------+-------+-------+-------++-------
Melee: Long sword        |    58 |   113 |    24 ||   195
       Tailslap          |     6 |    16 |     5 ||    27
 Fire: Hunting sling     |    24 |   168 |     4 ||   196
Throw: Stone             |       |     4 |       ||     4
Evoke: Wand              |       |       |     1 ||     1
  Use: Scroll            |       |     3 |     3 ||     6
 Stab: Sleeping          |     1 |       |       ||     1
       Paralysed         |       |     3 |       ||     3
  Eat: Chunk             |     2 |     7 |       ||     9
       Ration            |       |     1 |       ||     1
Armor: Skin              |    14 |    29 |     7 ||    50
Dodge: Dodged            |    25 |    69 |    20 ||   114
Block: Kite shield       |    24 |    77 |    13 ||   114
       Rpst.: Long sword |    10 |    17 |     5 ||    32

Vanquished Creatures
  2 slaves (D:4)
  An ogre (D:3)
  A phantom (D:4)
  A scorpion (D:4)
  Ijyb (D:3)
  An iguana (D:4)
  5 worker ants
  5 adders
  An ooze (D:3)
  4 worms
  5 leopard geckos
  2 orcs (D:3)
  2 ball pythons (D:1)
  2 giant cockroaches
  23 goblins
  9 hobgoblins
  5 jackals (D:3)
  2 bats (D:1)
  3 frilled lizards
  A jackal skeleton (D:4)
  5 kobolds
  8 rats
89 creatures vanquished.
